 Dungeon Crawl Stone Soup version 0.30-a0-4-ga7cffc901d (webtiles) character file.

Game seed: 10220633662618863310

9315 Sobieck the Fighter (level 11, -6/152 HPs)
             Began as an Ogre Transmuter on Aug 20, 2022.
             Was an Elder of Wu Jian.
             Mangled by an elephant (8 damage)
             ... on level 1 of the Lair of Beasts.
             The game lasted 00:30:24 (14021 turns).

Sobieck the Fighter (Ogre Transmuter)              Turns: 14021, Time: 00:30:25

Health: -6/152     AC:  8    Str: 16    XL:     11   Next: 44%
Magic:  20/21      EV:  9    Int: 18    God:    Wu Jian [****..]
Gold:   441        SH:  0    Dex:  9    Spells: 15/24 levels left

rFire   x . .      SeeInvis .      - Unarmed
rCold   + + +      Faith    .    (shield currently unavailable)
rNeg    . . .      Spirit   .    (body armour currently unavailable)
rPois   +          Reflect  .    (helmet currently unavailable)
rElec   .          Harm     .    (cloak currently unavailable)
rCorr   .          Rampage  .    (gloves unavailable)
Will    ++...                    (boots unavailable)
Stlth   +.........               (no amulet)
HPRegen 0.35/turn                i - ring of willpower
MPRegen 0.17/turn                (no ring)

@: ice-form, wereblooded
A: freezing attack, amphibious, boosted hp, large, unfitting armour, (tough skin
1)
a: End Transformation, Renounce Religion, Wall Jump, Serpent's Lash


You were on level 1 of the Lair of Beasts.
You worshipped Wu Jian.
Wu Jian was greatly pleased with you.
You were a creature of crystalline ice.
You visited 2 branches of the dungeon, and saw 12 of its levels.

You collected 590 gold pieces.
You spent 149 gold pieces at shops.


Innate Abilities, Weirdness & Mutations

You are a creature of crystalline ice.
You have a powerful freezing melee attack.
You are amphibious.
Your maximum health is increased.
Your armour is entirely melded.
You are incapable of wielding weapons or throwing items.
You are too large for most types of armour.
((You have tough skin. (AC +1)))


   Skills:
 + Level 13.4 Fighting
 - Level 1.7 Dodging
 + Level 8.3 Unarmed Combat
 - Level 7.0 Spellcasting
 + Level 8.9 Transmutations
 - Level 2.0 Ice Magic


You had 15 spell levels left.
You knew the following spells:

 Your Spells              Type           Power      Damage    Failure   Level
a - Ice Form              Ice/Tmut       26%        N/A       12%         4
b - Wereblood             Tmut           38%        N/A       1%          2
d - Spider Form           Tmut/Pois      22%        N/A       5%          3

Your spell library contained the following spells:

 Spells                   Type           Power      Damage    Failure   Level
 Beastly Appendage        Tmut           76%        N/A       1%          1

Inventory:

Hand Weapons
 c - a +0 club {mace}
   (You took it off a goblin on level 1 of the Dungeon)
Missiles
 j - 98 stones {throwing}
 n - 13 poisoned darts {throwing}
 V - 10 large rocks {=fthrowing}
Armour
 a - +0 steam dragon scales (melded)
   (You took it off Maggie on level 9 of the Dungeon)
 h - a +0 robe
   (You took it off Pikel on level 3 of the Dungeon)
 l - a +2 hat of see invisible (melded)
   (You took it off Gastronok on level 8 of the Dungeon)
 o - a +0 robe
   (You took it off an orc wizard on level 3 of the Dungeon)
 p - a +0 robe
   (You took it off an orc wizard on level 3 of the Dungeon)
 r - a +0 robe
   (You took it off an orc wizard on level 3 of the Dungeon)
 w - a +1 robe of cold resistance
   (You took it off Dowan on level 5 of the Dungeon)
 G - a +0 robe
   (You took it off an orc wizard on level 6 of the Dungeon)
 J - a +0 robe
   (You took it off an orc wizard on level 6 of the Dungeon)
 N - a +0 robe
   (You took it off an orc wizard on level 7 of the Dungeon)
 P - a +0 robe
   (You found it on level 7 of the Dungeon)
 U - a +2 cloak (melded)
   (You found it on level 10 of the Dungeon)
 W - a +0 robe
   (You took it off a wight on level 8 of the Dungeon)
 X - a +0 robe
   (You took it off a wight on level 8 of the Dungeon)
 Y - a +0 robe
   (You took it off a wight on level 8 of the Dungeon)
 Z - a +0 robe
   (You took it off a wight on level 8 of the Dungeon)
Jewellery
 d - a ring of resist corrosion
   (You found it on level 3 of the Dungeon)
 i - a ring of willpower (left front paw)
   (You found it on level 1 of the Dungeon)
 A - a ring of positive energy
   (You bought it in a shop on level 5 of the Dungeon)
 H - a ring of positive energy
   (You found it on level 9 of the Dungeon)
Wands
 k - a wand of paralysis (18) (quivered)
   (You found it on level 2 of the Dungeon)
 m - a wand of digging (5)
   (You found it on level 8 of the Dungeon)
 s - a wand of acid (10)
   (You found it on level 3 of the Dungeon)
 u - a wand of mindburst (4)
   (You took it off Ijyb on level 5 of the Dungeon)
 x - a wand of roots (8)
   (You took it off Dowan on level 5 of the Dungeon)
Scrolls
 e - 2 scrolls of poison {!r}
 f - 5 scrolls of immolation {!r!r}
 g - a scroll of brand weapon
 y - 2 scrolls of enchant armour
 C - 4 scrolls of vulnerability {!r!r}
 M - a scroll of fog {unknown}
 O - a scroll of teleportation {@r4}
 R - a scroll of silence {unknown}
 T - 2 scrolls of fear {unknown}
Potions
 b - 4 potions of mutation {!q}
 q - a potion of ambrosia
 t - a potion of might
 v - 3 potions of curing {@q1}
 z - 3 potions of lignification {!q}
 B - a potion of resistance
 D - a potion of berserk rage {!q}
 E - 2 potions of haste {@q3}
 F - a potion of flight
 I - a potion of degeneration {unknown}
 K - a potion of attraction {unknown}
 L - 2 potions of brilliance
 Q - a potion of cancellation {unknown}
 S - a potion of invisibility {unknown}

Dungeon Overview and Level Annotations

Branches:
Dungeon (11/15) Zot: 24659  Temple (0/1) D:4            Lair (1/5) D:9 Zot: 5482
    Orc: D:9-12

Altars:
Makhleb
Nemelex Xobeh
Sif Muna
Wu Jian
The Shining One

Shops:
D:5 * D:8

: ..........##...............
###.#....§###.§§..........
###...#§§####§.......§. ## #
##..##§§§###§.####.§# ..# #
##..#####§§§§§#####§§# #.#
###...# ##§§§F###§§§§# #.##
....### ##§§§§§§§§§## #..## ...##
##§§YS.§§§#### ##..#. ...####
###§§YY§Y§Y.§.###.....
#..[#.#####§§§#§####§§#§.........
.#.......§§§..### #..S...........
##.......§....# #..............
##............# #...........†..
.........#....## #..............
#........#.....# #..............
............## #..............
......P......# #.............#


You could see 4 elephants, a blink frog (very poisoned) and a water moccasin.


Message History

You hit the blink frog.
The blink frog seems to slow down.
You freeze the blink frog. The elephant tramples you.
You stumble backwards!
You lunge at the blink frog.
You punch the blink frog! You freeze the blink frog.
You spin and attack the blink frog.
You closely miss the blink frog.
The blink frog is no longer moving slowly.
The blink frog blinks!
The blink frog closely misses you.
Unknown command.
You punch the blink frog! You freeze the blink frog. The blink frog hits you.
The elephant tramples you!
You hold your ground!
The elephant barely misses you. The blink frog hits you.
The blink frog blinks!
Unknown command.
You spin and attack the blink frog.
You barely miss the blink frog.
You spin and attack the elephant.
You punch the elephant! You freeze the elephant.
The blink frog barely misses you. The elephant tramples you.
You hold your ground!
The elephant trunk-slaps you.
The blink frog blinks!
Unknown command.
You spin and attack the elephant.
You punch the elephant! You freeze the elephant.
The elephant completely misses you. The elephant closely misses you.
Unknown command.
The elephant attacks as you move away!
The elephant tramples you but does no damage.
The elephant trunk-slaps you.
Unknown command.
The elephant attacks as you move away! The elephant tramples you.
* * * LOW HITPOINT WARNING * * *
The elephant trunk-slaps you but does no damage.
You howl as the wereblood boils in your veins!
Unknown command.
You spin and attack the blink frog.
You hit the blink frog.
The blink frog seems to slow down.
You freeze the blink frog.
The blink frog hits you but does no damage.
Unknown command.
The blink frog attacks as you move away!
The blink frog hits you.
* * * LOW HITPOINT WARNING * * *
The elephant attacks as you move away! The elephant tramples you.
* * * LOW HITPOINT WARNING * * *
The elephant trunk-slaps you but does no damage.
The blink frog blinks!
Unknown command.
The blink frog blinks!
The blink frog is no longer moving slowly.
The blink frog blinks!
Unknown command.
The blink frog attacks as you move away!
The blink frog misses you. The elephant attacks as you move away!
The elephant tramples you!
* * * LOW HITPOINT WARNING * * *
The elephant trunk-slaps you but does no damage.
You howl as the wereblood boils in your veins!
The blink frog attacks as you move away!
The blink frog hits you!
* * * LOW HITPOINT WARNING * * *
The elephant attacks as you move away! The elephant tramples you!
* * * LOW HITPOINT WARNING * * *
The elephant trunk-slaps you but does no damage.
The blink frog hits you!
* * * LOW HITPOINT WARNING * * *
The elephant attacks as you move away! The elephant tramples you!
* * * LOW HITPOINT WARNING * * *
The elephant trunk-slaps you but does no damage.
Unknown command.
Really read
e - 3 scrolls of poison {!r}?
The air fills with toxic fumes!
As you read the scroll of poison {!r}, it crumbles to dust.
You howl as the wereblood boils in your veins!
The blink frog closely misses you.
Unknown command.
Unknown command.
You completely miss the elephant.
You howl as the wereblood boils in your veins!
The blink frog barely misses you.
The elephant is engulfed in poison gas.
The elephant is poisoned.
The elephant tramples you but does no damage.
The elephant closely misses you.
The elephant tramples you but does no damage.
The elephant trunk-slaps you but does no damage.
The blink frog blinks!
Unknown command.
You pummel the elephant!! You freeze the elephant.
The elephant is engulfed in poison gas.
The elephant looks even sicker.
The elephant tramples you!
* * * LOW HITPOINT WARNING * * *
You hold your ground!
The elephant trunk-slaps you but does no damage.
The elephant is engulfed in poison gas.
The elephant is poisoned.
The blink frog is engulfed in poison gas.
The blink frog is poisoned.
The blink frog blinks!
The elephant tramples you but does no damage.
The elephant trunk-slaps you but does no damage.
Unknown command.
You punch the elephant! You freeze the elephant.
The water moccasin barely misses you.
The blink frog is engulfed in poison gas.
The blink frog looks even sicker.
The elephant tramples you!
You die...

Skill      XL: |  1  2  3  4  5  6  7  8  9 10 11 |
---------------+----------------------------------+-----
Unarmed Combat | 3 4 5 7 8 |  8.3
Transmutations | 2 3 4 5 6 8 |  8.9
Fighting       | 2 3 5 7 10 12 13 | 13.4
Spellcasting   | 3 4 5 6 7 |  7.0
Ice Magic      | 2 |  2.0
Dodging        | |  1.7

Action                   |  1- 3 |  4- 6 |  7- 9 | 10-12 || total
-------------------------+-------+-------+-------+-------++-------
Melee: Unarmed           |    78 |   184 |   295 |   193 ||   750
       Kick              |    14 |    19 |       |       ||    33
       Headbutt          |     7 |    19 |       |       ||    26
       Punch             |       |     4 |       |     1 ||     5
 Cast: Beastly Appendage |    19 |    15 |       |       ||    34
       Wereblood         |     7 |    12 |    17 |     8 ||    44
       Spider Form       |       |     2 |    32 |     3 ||    37
       Ice Form          |       |       |     3 |    13 ||    16
Invok: Lunge             |       |    11 |    23 |    22 ||    56
       Whirlwind         |       |       |    40 |    22 ||    62
       Serpent's Lash    |       |       |     1 |     1 ||     2
Evoke: Wand              |       |       |       |     2 ||     2
  Use: Scroll            |     3 |     3 |     9 |     2 ||    17
       Potion            |     1 |     4 |     2 |     1 ||     8
 Stab: Distracted        |       |       |     1 |       ||     1
Armor: Robe              |    25 |    25 |     7 |    22 ||    79
       Skin              |       |       |    15 |    46 ||    61
Dodge: Dodged            |    32 |    72 |   157 |    82 ||   343

Levels and vault maps discovered:
D:1:      dpeg_arrival_another_circle, layout_basic,
          hellmonk_ecumenical_altar_blasted
D:2:      kennysheep_six_static_rooms, layout_rooms, basic_altar
D:3:      layout_loops_cross, corner_web_ring
D:4:      layout_loops_ring, minmay_temple_entry_wispy, grunt_decor_fettered,
          uniq_pikel
D:5:      layout_basic, serial_shops, shop_fountains, uniq_duvessa, uniq_ijyb
D:6:      layout_rooms, dk_vineyard_1
D:7:      layout_loops_ring, uniq_prince_ribbit1
D:8:      layout_loops_ring, amcnicky_altar_gilded, enter_bailey_3,
          serial_shops, kennysheep_mini, special_room [special_room_orc],
          minmay_sticks_and_stones, uniq_joseph, uniq_gastronok
D:9:      layout_loops_ring, minmay_lair_entry_grove, uniq_maggie
D:10:     layout_layer_cave, nemelex_xobeh_ov_fountains_minmay,
          hangedman_ru_absence, mainiacjoe_overflow_alcove_3
D:11:     layout_gridville, david_orc_1_choice
Lair:1:   layout_layer_cave, lemuel_fruit_fields

Notes
Turn   | Place    | Note
-------+----------+-------------------------------------------
     0 | D:1      | Sobieck the Ogre Transmuter began the quest for the Orb.
     0 | D:1      | Reached XP level 1. HP: 19/19 MP: 3/3
   161 | D:1      | Reached skill level 3 in Unarmed Combat
   161 | D:1      | Reached skill level 2 in Transmutations
   161 | D:1      | Reached XP level 2. HP: 21/28 MP: 3/5
   308 | D:1      | Found a faded altar of an unknown god.
   321 | D:1      | Reached skill level 2 in Fighting
   355 | D:1      | Reached XP level 3. HP: 32/35 MP: 5/7
   513 | D:1      | Learned a level 2 spell: Wereblood
  1443 | D:2      | Found an ornate altar of the Wu Jian Council.
  1453 | D:1      | HP: 13/52 [poisoned by an adder]
  1458 | D:1      | HP: 6/52 [poisoned by an adder]
  1831 | D:2      | Became a worshipper of the Wu Jian Council
  2061 | D:2      | Reached skill level 3 in Spellcasting
  2061 | D:2      | Reached XP level 4. HP: 28/44 MP: 5/8
  2069 | D:2      | HP: 11/44 [adder (1)]
  2114 | D:2      | Learned a level 3 spell: Spider Form
  2705 | D:3      | Reached skill level 3 in Fighting
  2705 | D:3      | Reached XP level 5. HP: 47/53 MP: 6/9
  2715 | D:3      | Reached skill level 4 in Unarmed Combat
  2935 | D:3      | Reached * piety under Wu Jian
  3299 | D:3      | Reached XP level 6. HP: 25/61 MP: 11/11
  4488 | D:4      | Reached skill level 3 in Transmutations
  4575 | D:4      | Noticed Pikel
  4692 | D:3      | HP: 15/62 [Pikel/+1 whip of flaming (8)]
  4697 | D:3      | HP: 6/62 [Pikel/+1 whip of flaming (9)]
  4702 | D:3      | Killed Pikel
  4703 | D:3      | Reached skill level 5 in Fighting
  4703 | D:3      | Reached skill level 5 in Unarmed Combat
  4703 | D:3      | Reached skill level 4 in Spellcasting
  4703 | D:3      | Reached XP level 7. HP: 44/72 MP: 6/14
  4919 | D:4      | Reached ** piety under Wu Jian
  4920 | D:4      | Reached skill level 5 in Spellcasting
  4920 | D:4      | Reached skill level 4 in Transmutations
  5189 | D:4      | Found a staircase to the Ecumenical Temple.
  5379 | D:5      | Entered Level 5 of the Dungeon
  5441 | D:5      | Noticed Duvessa
  5441 | D:5      | Noticed Dowan
  5509 | D:5      | Killed Duvessa
  5510 | D:5      | Reached XP level 8. HP: 38/83 MP: 12/15
  5730 | D:5      | Killed Dowan
  5731 | D:5      | Reached skill level 6 in Fighting
  5837 | D:5      | Found Reirurgha's Assorted Antiques.
  5844 | D:5      | Bought a scroll labelled BOJEFFAANKUO for 17 gold pieces
  5844 | D:5      | Bought a glowing garnet ring for 85 gold pieces
  5844 | D:5      | Bought a blue potion for 15 gold pieces
  5844 | D:5      | Bought a scroll labelled ULEURPHATIRCH for 17 gold pieces
  5844 | D:5      | Bought an orange potion for 15 gold pieces
  5947 | D:5      | Noticed Ijyb
  5955 | D:5      | Killed Ijyb
  6215 | D:6      | Reached skill level 6 in Spellcasting
  6382 | D:6      | Reached skill level 5 in Transmutations
  6442 | D:6      | Reached skill level 7 in Fighting
  6864 | D:6      | Reached XP level 9. HP: 84/94 MP: 11/19
  6870 | D:6      | HP: 22/94 [orc warrior/+0 hand axe (11)]
  6872 | D:6      | Reached skill level 7 in Spellcasting
  7031 | D:6      | Reached skill level 8 in Fighting
  7660 | D:7      | Reached skill level 6 in Transmutations
  7723 | D:7      | Reached skill level 9 in Fighting
  7738 | D:6      | Learned a level 4 spell: Ice Form
  7933 | D:7      | Noticed Prince Ribbit
  7955 | D:7      | Killed Prince Ribbit
  7956 | D:7      | Reached skill level 1 in Ice Magic
  8173 | D:7      | Reached skill level 2 in Ice Magic
  8331 | D:7      | Reached skill level 10 in Fighting
  9417 | D:8      | Reached *** piety under Wu Jian
  9417 | D:8      | Noticed Gastronok
 10074 | D:8      | HP: 29/122 [Gastronok/the air (30)]
 10079 | D:8      | HP: 20/122 [poisoned by a killer bee]
 10084 | D:8      | Reached XP level 10. HP: 11/111 MP: 18/20
 10084 | D:8      | HP: 10/133 [poisoned by a killer bee]
 10657 | D:8      | Killed Gastronok
 10658 | D:8      | Reached skill level 11 in Fighting
 10658 | D:8      | Reached skill level 6 in Unarmed Combat
 10658 | D:8      | Reached skill level 7 in Transmutations
 10848 | D:8      | You fall into a shaft and drop 2 floors!
 10848 | D:10     | Entered Level 10 of the Dungeon
 10998 | D:10     | Found a burning altar of Makhleb.
 11036 | D:10     | Found a shimmering blue altar of Sif Muna.
 11087 | D:10     | Found a sparkling altar of Nemelex Xobeh.
 11382 | D:8      | Found a glowing golden altar of the Shining One.
 11856 | D:8      | Noticed a two-headed ogre
 11867 | D:8      | Killed a two-headed ogre
 11868 | D:8      | Reached skill level 12 in Fighting
 11868 | D:8      | Reached skill level 7 in Unarmed Combat
 11871 | D:8      | Noticed Joseph
 12125 | D:8      | Killed Joseph
 12126 | D:8      | Reached skill level 8 in Transmutations
 12485 | D:8      | Found Xuco's Book Boutique.
 13049 | D:9      | Reached XP level 11. HP: 124/124 MP: 14/21
 13100 | D:9      | Noticed Maggie
 13104 | D:9      | Killed Maggie
 13105 | D:9      | Reached skill level 13 in Fighting
 13191 | D:9      | Found a staircase to the Lair.
 13205 | D:9      | Reached skill level 8 in Unarmed Combat
 13207 | D:9      | Reached **** piety under Wu Jian
 13500 | Lair:1   | Entered Level 1 of the Lair of Beasts
 14016 | Lair:1   | HP: 34/152 [elephant (12)]
 14017 | Lair:1   | HP: 12/152 [elephant (9)]
 14020 | Lair:1   | HP: 2/152 [elephant (12)]
 14021 | Lair:1   | Mangled by an elephant

Vanquished Creatures
  Gastronok (D:8)
  A two-headed ogre (D:8)
  Pikel (D:3)
  Joseph (D:8)
  A cane toad (Lair:1)
  Maggie (D:9)
  A komodo dragon (Lair:1)
  Prince Ribbit (D:7)
  2 blink frogs (Lair:1)
  A wyvern (D:9)
  4 yaks (D:9)
  3 basilisks
  2 steam dragons
  7 water moccasins
  Duvessa (D:5)
  4 orc warriors
  2 ice beasts
  2 sky beasts
  A black bear (D:6)
  An ogre (D:5)
  5 centaurs
  2 lemures (D:3)
  A phantom (D:7)
  A kobold brigand (D:7)
  5 bullfrogs
  2 scorpions (D:6)
  A necrophage (D:6)
  8 wights
  Dowan (D:5)
  6 killer bees (D:8)
  5 jellies
  2 hounds (D:7)
  2 orc priests
  Ijyb (D:5)
  An iguana (D:4)
  8 orc wizards
  5 gnolls
  7 adders
  A white imp (D:7)
  2 ufetubi
  3 worms
  2 dart slugs
  41 orcs
  3 ball pythons
  4 endoplasms
  6 giant cockroaches
  7 hobgoblins
  7 jackals
  4 kobolds
  2 quokkas (D:4)
  3 bats
  5 frilled lizards
  16 goblins
  5 rats
212 creatures vanquished.

Vanquished Creatures (others)
  A bush (D:9)
  7 fungi
  28 plants
36 creatures vanquished.

Grand Total: 248 creatures vanquished

Table legend:
 A = Non-vault XP
 B = Vault XP
 C = Vault XP percentage of total XP
 D = Non-vault monster count
 E = Vault monster count
 F = Vault count percentage of total count
                 A         B        C        D         E       F
            +---------+---------+-------+---------+---------+-------
      Total |    7425 |    5883 |  44.2 |     161 |      48 |  23.0
            +---------+---------+-------+---------+---------+-------
        D:1 |      66 |       0 |   0.0 |      25 |       0 |   0.0
        D:2 |      42 |      16 |  27.6 |      10 |       6 |  37.5
        D:3 |     228 |     607 |  72.7 |      27 |       1 |   3.6
        D:4 |     127 |       0 |   0.0 |      17 |       0 |   0.0
        D:5 |     214 |     255 |  54.4 |       5 |       3 |  37.5
        D:6 |    1159 |       0 |   0.0 |      20 |       0 |   0.0
        D:7 |     987 |     268 |  21.4 |      16 |       1 |   5.9
        D:8 |    2027 |    2205 |  52.1 |      21 |      24 |  53.3
        D:9 |     756 |    2532 |  77.0 |      12 |      13 |  52.0
       D:10 |     108 |       0 |   0.0 |       1 |       0 |   0.0
     Lair:1 |    1711 |       0 |   0.0 |       7 |       0 |   0.0
            +---------+---------+-------+---------+---------+-------

Illustrated notes

Table legend:
 A = Kills in this place as a percentage of kills in entire the game.
 B = Kills by you in this place as a percentage of kills by you in the entire game.
 C = Kills by friends in this place as a percentage of kills by friends in the entire game.
 D = Other kills in this place as a percentage of other kills in the entire game.
 E = Experience gained in this place as a percentage of experience gained in the entire game.
 F = Experience gained in this place divided by the number of levels of this place that you have seen.
                   A       B       C       D       E      F
               +-------+-------+-------+-------+-------+----------------------
         Total | 100.0 | 100.0 |   N/A |   N/A | 100.0 | 1109.0
       Dungeon |  96.7 |  96.7 |   N/A |   N/A |  87.1 | 1054.3
          Lair |   3.3 |   3.3 |   N/A |   N/A |  12.9 | 1711.0
               +-------+-------+-------+-------+-------+----------------------

Table legend: (Time is in decaauts)
 A = Elapsed time spent in this place.
 B = Non-inter-level travel time spent in this place.
 C = Inter-level travel time spent in this place.
 D = Time resting spent in this place.
 E = Time spent auto-exploring this place.
 F = Levels seen in this place.
 G = Mean time per level.
                   A        B        C        D        E       F      G
               +--------+--------+--------+--------+--------+-----+--------+
         Total |  13988 |  13708 |    280 |   4464 |   6897 |  12 | 1165.7 |
       Dungeon |  13471 |  13192 |    279 |   4464 |   6538 |  11 | 1224.6 |
          Lair |    517 |    517 |      0 |      0 |    359 |   1 |  517.0 |
               +--------+--------+--------+--------+--------+-----+--------+

Top non-repeatable levels by time:
     D:7: 2302 daAuts
     D:8: 1960 daAuts
     D:1: 1822 daAuts
     D:3: 1766 daAuts
     D:6: 1443 daAuts
     D:4: 1237 daAuts
     D:9: 979 daAuts
     D:5: 917 daAuts
     D:2: 737 daAuts
  Lair:1: 517 daAuts
    D:10: 302 daAuts
    D:11: 1 daAuts
